 Dungeon Crawl Stone Soup version 0.21.1-1-g345015f (webtiles) character file.

16 letownia2 the Insei (level 2, -3/21 HPs)
             Began as a Merfolk Transmuter on Mar 19, 2018.
             Slain by an orc
             ... wielding a +0 mace
              (6 damage)
             ... on level 3 of the Dungeon.
             The game lasted 00:01:05 (172 turns).

letownia2 the Insei (Merfolk Transmuter)             Turns: 172, Time: 00:01:06

Health: -3/21      AC:  2    Str: 10    XL:     2   Next: 58%
Magic:  5/5        EV: 13    Int: 12    God:
Gold:   10         SH:  0    Dex: 14    Spells: 2/5 levels left

rFire    . . .     SeeInvis .     - Unarmed
rCold    . . .     Gourm    .   (no shield)
rNeg     . . .     Faith    .   b - +0 robe
rPois    .         Spirit   .   (no helmet)
rElec    .         Reflect  .   (no cloak)
rCorr    .         Harm     .   (no gloves)
MR       .....                  (no boots)
Stlth    +.........             (no amulet)
HPRegen  0.07/turn              (no ring)
MPRegen  0.09/turn              (no ring)

@: appendage (expiring)
A: change form in water, swift swim, stealthy swim, horns 2
a: End Transformation


You were on level 3 of the Dungeon.
You were not hungry.
You had grown temporary horns.
You visited 1 branch of the dungeon, and saw 3 of its levels.

You collected 10 gold pieces.

Inventory:

Missiles
 a - 12 arrows
Armour
 b - a +0 robe (worn)
Scrolls
 e - a scroll of fear {unknown}
 f - a scroll of teleportation {unknown}
 h - 2 scrolls of blinking {unknown}
Potions
 g - a potion of invisibility {unknown}
Books
 c - a book of Changes

   Spells                             Type                      Level
   a - Beastly Appendage              Transmutation                1
   b - Sticks to Snakes               Transmutation                2
   c - Spider Form                    Transmutation/Poison         3
   d - Ice Form                       Ice/Transmutation            4
   e - Blade Hands                    Transmutation                5
Comestibles
 d - 3 rations


   Skills:
 + Level 1.1 Fighting
 + Level 2.8 Dodging
 + Level 3.7 Unarmed Combat
 + Level 2.2 Spellcasting
 + Level 3.1 Transmutations


You had 2 spell levels left.
You knew the following spells:

 Your Spells              Type           Power        Failure   Level  Hunger
a - Beastly Appendage     Tmut           #.....       8%          1    ##.....
l - Sticks to Snakes      Tmut           #.......     11%         2    ###....


Dungeon Overview and Level Annotations

Branches:
Dungeon (3/15)

Altars:
The Shining One

Annotations:
D:2 Natasha


Innate Abilities, Weirdness & Mutations

You revert to your normal form in water.
You are very nimble and swift while swimming.
You are very stealthy in the water. (Stealth+)
You have a pair of horns on your head.


Message History

The dart slug is severely wounded.
The dart slug launches a dart at you. The slug dart hits you!
* * * LOW HITPOINT WARNING * * *
You hit the dart slug.
You kill the dart slug!
Your transformation is almost over.
You hit the orc but do no damage. The orc closely misses you.
Unknown command.
You punch the orc!
You kill the orc!
Unknown command.
You closely miss the orc. The orc barely misses you.
Unknown command.
You hit the orc but do no damage. The orc misses you.
Unknown command.
You hit the orc but do no damage.
Unknown command.
You hit the orc but do no damage. The orc hits you with a mace.
You die...

#.# #.#.. ##.#
...#.#
#..########....#.#
#..............#.#
#........####..#.#+
#..............#.[
#.######.......#.#
#†# #........#.# #.#
#.#......#@# #.#
#..#......#o####.#
#.#
#..##....o..........
#.# #.#
####.w.######### #.#
#. #..#.# #.# ..
#.o#..# #.. ..o##...
### ..... .....
....########


You could see an orc.

Vanquished Creatures
  An ooze (D:1)
  A dart slug (D:3)
  2 orcs (D:3)
  A giant cockroach (D:3)
  2 bats
  A kobold (D:3)
  A rat (D:3)
9 creatures vanquished.

Notes
Turn   | Place    | Note
-------+----------+-------------------------------------------
     0 | D:1      | letownia2 the Merfolk Transmuter began the quest for the Orb.
     0 | D:1      | Reached XP level 1. HP: 15/15 MP: 3/3
    78 | D:2      | Noticed Natasha
    81 | D:3      | Found a glowing golden altar of the Shining One.
    83 | D:3      | Reached XP level 2. HP: 14/21 MP: 3/5
    91 | D:3      | Learned a level 2 spell: Sticks to Snakes
   172 | D:3      | Slain by an orc

Skill      XL: |  1  2 |
---------------+-------+-----
Transmutations | 3 |  3.1
Fighting       | |  1.1
Dodging        | |  2.8
Unarmed Combat | |  3.7
Spellcasting   | |  2.2

Action                   || total
-------------------------++-------
Melee: Unarmed           ||    22
       Headbutt          ||     5
 Cast: Beastly Appendage ||     7
 Stab: Sleeping          ||     1
Armor: Robe              ||     2
Dodge: Dodged            ||    12
